 Dungeon Crawl Stone Soup version 0.24-a0-760-g74cc3ae (webtiles) character file.

Game seed: 9895995875461703953, levelgen mode: deterministic

2697 pichaelthompson the Spear-Bearer (level 9, 0/74 HPs)
             Began as a Gnoll Chaos Knight on Oct 1, 2019.
             Was a Plaything of Xom.
             Splashed by a jelly's acid (3 damage)
             ... on level 8 of the Dungeon on Oct 2, 2019.
             The game lasted 00:17:38 (7310 turns).

pichaelthompson the Spear-Bearer (GnCK)             Turns: 7310, Time: 00:17:39

Health: 0/74       AC: -4    Str: 15    XL:     9   Next: 65%
Magic:  15/15      EV:  9    Int: 14    God:    Xom [....*.]
Gold:   324        SH: 10    Dex: 23    Spells: 16/16 levels left

rFire    . . .     SeeInvis .   a - +0 spear (chaos)
rCold    . . .     Gourm    .   h - +0 shield
rNeg     . . .     Faith    .   p - +0 plate armour
rPois    .         Spirit   .   E - +0 helmet
rElec    .         Reflect  .   g - +0 cloak
rCorr    .         Harm     .   (no gloves)
MR       .....                  (no boots)
Stlth    ..........             (no amulet)
HPRegen  0.22/turn              A - +5 ring of dexterity
MPRegen  0.14/turn              m - +4 ring of evasion

@: lethally poisoned (0 -> -6), corroded
A: distributed training, fangs 1, strong nose
a: Renounce Religion


You were on level 8 of the Dungeon.
You worshipped Xom.
You were a beloved toy of Xom.
You were not hungry.

You visited 2 branches of the dungeon, and saw 9 of its levels.

You collected 324 gold pieces.

Inventory:

Hand Weapons
 a - a +0 spear of chaos (weapon)
Missiles
 i - 4 boomerangs (quivered)
Armour
 g - a +0 cloak (worn)
 h - a +0 shield (worn)
 p - a +0 plate armour (worn)
 u - the +1 robe of Starshine {Slay+6}
   (You found it on level 6 of the Dungeon)

   It affects your accuracy and damage with ranged weapons and melee attacks
   (+6).
 E - a +0 helmet (worn)
Jewellery
 k - an uncursed ring of fire
 m - a +4 ring of evasion (right hand)
 y - an uncursed ring of protection from cold
 A - a +5 ring of dexterity (left hand)
Wands
 e - a wand of paralysis (8)
 f - a wand of polymorph (8)
 n - a wand of iceblast (15)
 x - a wand of digging (4)
Scrolls
 l - a scroll of holy word {unknown}
 o - a scroll of magic mapping
 t - 3 scrolls of immolation
 v - a scroll of remove curse
 D - a scroll of enchant armour {unknown}
Potions
 b - 2 potions of lignification
 d - a potion of ambrosia
 j - a potion of haste
 q - 4 potions of curing
 r - 3 potions of heal wounds
 s - a potion of agility {unknown}
 w - a potion of invisibility {unknown}
 z - 5 potions of brilliance
 B - 2 potions of mutation
 C - 3 potions of magic
Comestibles
 c - 7 rations
 F - 6 chunks of flesh


   Skills:
 + Level 8.0 Fighting
 + Level 4.3 Short Blades
 + Level 4.3 Long Blades
 + Level 4.3 Axes
 + Level 4.3 Maces & Flails
 + Level 8.0 Polearms
 + Level 4.3 Staves
 + Level 4.3 Slings
 + Level 4.3 Bows
 + Level 4.3 Crossbows
 + Level 4.3 Throwing
 + Level 6.4 Armour
 + Level 5.1 Dodging
 + Level 4.3 Stealth
 + Level 4.3 Shields
 + Level 4.3 Unarmed Combat
 + Level 4.3 Spellcasting
 + Level 3.6 Conjurations
 + Level 3.6 Hexes
 + Level 3.6 Charms
 + Level 3.6 Summonings
 + Level 3.6 Necromancy
 + Level 3.6 Translocations
 + Level 3.6 Transmutations
 + Level 3.6 Fire Magic
 + Level 3.6 Ice Magic
 + Level 3.6 Air Magic
 + Level 3.6 Earth Magic
 + Level 3.6 Poison Magic
 + Level 4.8 Invocations
 + Level 4.3 Evocations


You had 16 spell levels left.
You didn't know any spells.
Your spell library contained the following spells:

 Spells                   Type           Power        Failure   Level  Hunger
 Corona                   Hex            ##.....      100%        1    None
 Ensorcelled Hibernation  Hex/Ice        ##....       100%        2    ##.....
 Confuse                  Hex            ##......     100%        3    ###....
 Dazzling Spray           Conj/Hex       ##....       100%        3    ###....
 Tukima's Dance           Hex            ##......     100%        3    ###....


Dungeon Overview and Level Annotations

Branches:
Dungeon (8/15)             Temple (1/1) D:6
   Lair: D:8-11

Altars:
Cheibriados
Dithmenos
Elyvilon
Fedhas
Gozag
Hepliaklqana
Kikubaaqudgha
Makhleb
Nemelex Xobeh
Okawaru
Qazlal
Ru
Sif Muna
Trog
Uskayaw
Vehumet
Wu Jian
Xom
Yredelemnul
Zin
The Shining One

Shops:
D:6 [

Annotations:
D:4 3 runed translucent doors, sokol815's ghost, amateur DsGl


Innate Abilities, Weirdness & Mutations

Your experience applies equally to all skills.
You have very sharp teeth.
Your uncanny sense of smell can sniff out nearby items.


Message History

The jelly is almost dead.
You feel sick. You block the worker ant's attack. The jelly hits you.
The acid corrodes you!
You are splashed with acid!
You hit the jelly but do no damage.
Your hands burn!
You bite the jelly, but do no damage.
The jelly is almost dead.
You feel sick. You block the worker ant's attack.
You hit the jelly but do no damage.
Your hands burn!
* * * LOW HITPOINT WARNING * * *
The jelly twitches.
The jelly is almost dead.
You feel sick. The worker ant bites you.
* * * LOW HITPOINT WARNING * * *
The jelly hits you.
* * * LOW HITPOINT WARNING * * *
You are splashed with acid!
* * * LOW HITPOINT WARNING * * *
You hit the jelly but do no damage.
Your hands burn!
You die...
Xom chuckles heartily!

###########
#.........#
#.........#
###.........#
............###
...............
#.....a....######
#....J@.........#
##.............#)#
...........>...#)#
##.###.........)<#
# #######.###)#
........#
####.#### .... ##
..#


You could see a jelly and a worker ant.

Vanquished Creatures
  A spiny frog (D:5)
  Duvessa (D:6)
  An orc warrior (D:6)
  A water moccasin (D:5)
  2 ice beasts (D:7)
  2 ogres (D:5)
  A centaur (D:6)
  2 bullfrogs (D:7)
  Dowan (D:6)
  6 scorpions
  A howler monkey (D:4)
  2 crimson imps
  A centaur zombie (D:6)
  A quasit (D:4)
  3 hounds
  A jelly (D:7)
  A bullfrog zombie (D:5)
  An orc priest (D:5)
  4 orc wizards
  A bullfrog skeleton (D:6)
  An iguana (D:4)
  Natasha (D:2)
  3 worker ants
  A killer bee zombie (D:6)
  2 hound skeletons
  A worker ant zombie (D:7)
  8 adders
  A shadow imp (D:7)
  An adder zombie (D:6)
  4 worms
  A dart slug (D:4)
  3 leopard geckos
  24 orcs
  6 giant cockroaches
  10 goblins
  7 hobgoblins
  9 jackals
  4 quokkas
  2 ball pythons (D:3)
  3 bats
  3 frilled lizards (D:2)
  A jackal skeleton (D:4)
  7 kobolds
  A leopard gecko skeleton (D:5)
  A quokka zombie (D:7)
  8 rats
147 creatures vanquished.

Vanquished Creatures (collateral kills)
  Pikel (D:4)
  A sky beast (D:6)
  An orc priest (D:4)
  An iguana (D:5)
  An adder (D:4)
  2 orcs (D:4)
  A giant cockroach (D:6)
  2 jackals (D:6)
10 creatures vanquished.

Vanquished Creatures (others)
  4 slaves (D:5)
  An orc wizard (D:5)
  A hound skeleton (D:5)
  A worm (D:5)
  2 orcs (D:5)
9 creatures vanquished.

Grand Total: 166 creatures vanquished

Notes
Turn   | Place    | Note
-------+----------+-------------------------------------------
     0 | D:1      | pichaelthompson the Gnoll Chaos Knight began the quest for
                  | the Orb.
     0 | D:1      | Reached XP level 1. HP: 23/23 MP: 1/1
     6 | D:1      | XOM: silly message
    22 | D:1      | Reached XP level 2. HP: 15/29 MP: 2/2
   375 | D:1      | Upgraded the game from 0.24-a0-730-g011b83a to
                  | 0.24-a0-760-g74cc3ae
   426 | D:1      | Reached XP level 3. HP: 35/35 MP: 3/3
   583 | D:1      | XOM: 1-stop teleportation journey
   816 | D:2      | Reached skill level 1 in Invocations
   892 | D:2      | Reached skill level 1 in Short Blades
   892 | D:2      | Reached skill level 1 in Long Blades
   892 | D:2      | Reached skill level 1 in Axes
   892 | D:2      | Reached skill level 1 in Maces & Flails
   892 | D:2      | Reached skill level 1 in Staves
   892 | D:2      | Reached skill level 1 in Slings
   892 | D:2      | Reached skill level 1 in Bows
   892 | D:2      | Reached skill level 1 in Crossbows
   892 | D:2      | Reached skill level 1 in Throwing
   892 | D:2      | Reached skill level 1 in Stealth
   892 | D:2      | Reached skill level 1 in Shields
   892 | D:2      | Reached skill level 1 in Unarmed Combat
   892 | D:2      | Reached skill level 1 in Spellcasting
   892 | D:2      | Reached skill level 1 in Evocations
  1041 | D:2      | Reached XP level 4. HP: 41/41 MP: 5/5
  1126 | D:2      | Found an iron altar of Okawaru.
  1258 | D:2      | XOM: summons friendly iron imp
  1283 | D:2      | XOM: stat loss: -1 Str (13/14)
  1323 | D:2      | Noticed Natasha
  1332 | D:2      | Killed Natasha
  1332 | D:2      | Reached skill level 1 in Conjurations
  1332 | D:2      | Reached skill level 1 in Hexes
  1332 | D:2      | Reached skill level 1 in Charms
  1332 | D:2      | Reached skill level 1 in Summonings
  1332 | D:2      | Reached skill level 1 in Necromancy
  1332 | D:2      | Reached skill level 1 in Translocations
  1332 | D:2      | Reached skill level 1 in Transmutations
  1332 | D:2      | Reached skill level 1 in Fire Magic
  1332 | D:2      | Reached skill level 1 in Ice Magic
  1332 | D:2      | Reached skill level 1 in Air Magic
  1332 | D:2      | Reached skill level 1 in Earth Magic
  1332 | D:2      | Reached skill level 1 in Poison Magic
  1334 | D:2      | XOM: harmless Chrm miscast
  1675 | D:3      | Reached XP level 5. HP: 47/47 MP: 6/6
  1739 | D:3      | XOM: potion effect (agility)
  1750 | D:3      | XOM: potion effect (haste)
  1911 | D:3      | XOM: harmless Necr miscast
  2018 | D:3      | Found an ornate altar of the Wu Jian Council.
  2076 | D:3      | Found a sacrificial altar of Ru.
  2114 | D:3      | Found an iron altar of Okawaru.
  2129 | D:3      | XOM: mild Chrm miscast
  2154 | D:3      | Found a hide-covered altar of Uskayaw.
  2485 | D:4      | Found Zoun's Weapon Emporium.
  2488 | D:4      | XOM: noise
  2502 | D:4      | Reached XP level 6. HP: 53/53 MP: 8/8
  2608 | D:4      | Found a runed translucent gate.
  2608 | D:4      | Found a runed translucent gate.
  2608 | D:4      | Found a runed translucent gate.
  2745 | D:4      | Noticed sokol815's ghost (amateur DsGl)
  3015 | D:5      | Entered Level 5 of the Dungeon
  3025 | D:5      | Reached skill level 5 in Armour
  3112 | D:5      | XOM: scenery: create altars
  3174 | D:5      | XOM: noise
  3189 | D:5      | XOM: enchant monster (bad)
  3198 | D:5      | Reached XP level 7. HP: 26/59 MP: 10/10
  3201 | D:5      | XOM: summons friendly crimson imp
  3222 | D:5      | Noticed Pikel
  3698 | D:4      | XOM: summons 2 friendly demons
  3699 | D:4      | XOM: divination: detect creatures
  3711 | D:4      | Killed Pikel
  3711 | D:4      | Reached XP level 8. HP: 29/67 MP: 10/12
  3777 | D:4      | XOM: cloud trail
  3929 | D:5      | XOM: divination: detect items
  3978 | D:5      | Noticed Prince Ribbit
  3983 | D:5      | XOM: 1-stop teleportation journey
  4019 | D:5      | XOM: enchant monster (bad)
  4225 | D:5      | XOM: mild Necr miscast
  4253 | D:5      | Noticed Prince Ribbit
  4253 | D:5      | Prince Ribbit changed into Prince Ribbit the spiny frog
  4257 | D:5      | HP: 2/66 [poisoned by Prince Ribbit]
  4260 | D:5      | XOM: cleaving
  4815 | D:5      | XOM: 3-stop teleportation journey
  5108 | D:5      | Killed Prince Ribbit the spiny frog
  5457 | D:5      | XOM: cast spell 'Summon Ice Beast'
  5653 | D:6      | XOM: potion effect (might)
  5692 | D:6      | Noticed Dowan
  5693 | D:6      | Noticed Duvessa
  5707 | D:6      | Killed Duvessa
  5707 | D:6      | Reached XP level 9. HP: 72/72 MP: 14/14
  5708 | D:6      | Killed Dowan
  5752 | D:6      | XOM: enchant monster (good)
  5789 | D:6      | XOM: scenery: create altars
  5843 | D:6      | Found a shimmering altar of Xom.
  5944 | D:6      | Got a smoking robe
  5955 | D:6      | Identified the +1 robe of Starshine {Slay+6} (You found it
                  | on level 6 of the Dungeon)
  6048 | D:6      | Found Qetytuikh's Armour Shop.
  6233 | D:6      | Found a staircase to the Ecumenical Temple.
  6243 | Temple   | Entered the Ecumenical Temple
  6479 | D:7      | XOM: destruction
  6485 | D:7      | XOM: cast spell 'Metabolic Englaciation'
  6547 | D:7      | XOM: destruction
  6640 | D:7      | Reached skill level 5 in Dodging
  6694 | D:7      | XOM: cleaving
  6908 | D:7      | Found a basalt altar of Yredelemnul.
  7309 | D:8      | HP: 3/74 [acid (10)]
  7310 | D:8      | Splashed by a jelly's acid

Levels and vault maps discovered:
D:1:      nzn_arrival_water_spiral, layout_rooms
D:2:      layout_basic, serial_curves, eino_curves_02, eino_curves_02,
          eino_curves_04, okawaru_gym_becter, uniq_natasha
D:3:      layout_basic, nicolae_overflow_quartered_altars
D:4:      layout_cave_pools, serial_shops, nicolae_shop_waterfront,
          first_ration, gammafunk_ghost_icy
D:5:      layout_rooms, kennysheep_generic_room_3, uniq_pikel,
          uniq_prince_ribbit1
D:6:      layout_layer_cave, kennysheep_mini,
          minmay_temple_entry_statues_pillars, serial_shops, shop, uniq_duvessa
D:7:      layout_cave_pools, marbit_many_paths, serial_park
D:8:      layout_basic, ashenzari_conservatory_becter
Temple:   regret_index_temple_waves

Skill      XL: |  1  2  3  4  5  6  7  8  9 |
---------------+----------------------------+-----
Invocations    | 1 2 3 4 |  4.8
Short Blades   | 1 2 3 4 |  4.3
Long Blades    | 1 2 3 4 |  4.3
Axes           | 1 2 3 4 |  4.3
Maces & Flails | 1 2 3 4 |  4.3
Staves         | 1 2 3 4 |  4.3
Slings         | 1 2 3 4 |  4.3
Bows           | 1 2 3 4 |  4.3
Crossbows      | 1 2 3 4 |  4.3
Throwing       | 1 2 3 4 |  4.3
Stealth        | 1 2 3 4 |  4.3
Shields        | 1 2 3 4 |  4.3
Unarmed Combat | 1 2 3 4 |  4.3
Spellcasting   | 1 2 3 4 |  4.3
Evocations     | 1 2 3 4 |  4.3
Conjurations   | 1 2 3 |  3.6
Hexes          | 1 2 3 |  3.6
Charms         | 1 2 3 |  3.6
Summonings     | 1 2 3 |  3.6
Necromancy     | 1 2 3 |  3.6
Translocations | 1 2 3 |  3.6
Transmutations | 1 2 3 |  3.6
Fire Magic     | 1 2 3 |  3.6
Ice Magic      | 1 2 3 |  3.6
Air Magic      | 1 2 3 |  3.6
Earth Magic    | 1 2 3 |  3.6
Poison Magic   | 1 2 3 |  3.6
Dodging        | 3 4 5 |  5.1
Armour         | 5 6 |  6.4
Fighting       | 7 8 |  8.0
Polearms       | 7 8 |  8.0

Action                   |  1- 3 |  4- 6 |  7- 9 || total
-------------------------+-------+-------+-------++-------
Melee: Spear             |   125 |   234 |   471 ||   830
       Bite              |    10 |    24 |    70 ||   104
       Punch             |       |       |     2 ||     2
Throw: Boomerang         |       |       |     5 ||     5
  Use: Scroll            |       |     7 |    11 ||    18
       Potion            |       |       |     2 ||     2
 Stab: Sleeping          |     1 |       |       ||     1
       Paralysed         |     1 |     6 |    21 ||    28
       Confused          |       |     1 |     5 ||     6
       Petrified         |       |       |    11 ||    11
       Petrifying        |       |       |     5 ||     5
       Distracted        |       |       |     1 ||     1
  Eat: Chunk             |     1 |     6 |     8 ||    15
       Ration            |       |       |     2 ||     2
Armor: Leather armour    |    17 |       |       ||    17
       Chain mail        |     9 |    74 |   156 ||   239
       Plate armour      |       |       |    80 ||    80
Dodge: Dodged            |    44 |    76 |   188 ||   308
Block: Shield            |       |       |   113 ||   113

Table legend:
 A = Non-vault XP
 B = Vault XP
 C = Vault XP percentage of total XP
 D = Non-vault monster count
 E = Vault monster count
 F = Vault count percentage of total count
                 A         B        C        D         E       F
            +---------+---------+-------+---------+---------+-------
      Total |    2616 |    1237 |  32.1 |     152 |       7 |   4.4
            +---------+---------+-------+---------+---------+-------
        D:1 |      47 |       0 |   0.0 |      29 |       0 |   0.0
        D:2 |      80 |      36 |  31.0 |      23 |       1 |   4.2
        D:3 |      84 |       0 |   0.0 |      13 |       0 |   0.0
        D:4 |     286 |     484 |  62.9 |      18 |       1 |   5.3
        D:5 |     699 |     494 |  41.4 |      27 |       2 |   6.9
        D:6 |     551 |     222 |  28.7 |      18 |       2 |  10.0
        D:7 |     822 |       1 |   0.1 |      19 |       1 |   5.0
        D:8 |      47 |       0 |   0.0 |       5 |       0 |   0.0
            +---------+---------+-------+---------+---------+-------
